 Dungeon Crawl Stone Soup version 0.28.0-43-g3370ac3207 (webtiles) character file.

Game seed: 5126590232752822766

331 pkoi the Gusty (level 6, -3/45 HPs)
             Began as a Draconian Air Elementalist on Mar 15, 2022.
             Killed from afar by Ijyb (18 damage)
             ... with a bolt of acid
             ... on level 4 of the Dungeon.
             The game lasted 00:04:16 (4976 turns).

pkoi the Gusty (Draconian Air Elementalist)         Turns: 4976, Time: 00:04:16

Health: -3/45      AC:  2    Str: 10    XL:     6   Next: 26%
Magic:  8/11       EV: 12    Int: 18    God:
Gold:   186        SH:  0    Dex: 11    Spells: 8/12 levels left

rFire   . . .      SeeInvis .   q - +2 dagger (drain)
rCold   . . .      Faith    .   (no shield)
rNeg    . . .      Spirit   .   (armour unavailable)
rPois   .          Reflect  .   (helmet restricted)
rElec   .          Harm     .   (no cloak)
rCorr   .          Rampage  .   (no gloves)
Will    .....                   (no boots)
Stlth   ++........              (no amulet)
HPRegen 0.15/turn               (no ring)
MPRegen 0.12/turn               (no ring)

@: corroded
A: AC +6, unfitting armour, cold-blooded
a: no special abilities


You were on level 4 of the Dungeon.
You visited 1 branch of the dungeon, and saw 4 of its levels.

You collected 186 gold pieces.

Inventory:

Hand Weapons
 b - a +0 dagger
 d - a +1 vampiric short sword
 l - a +2 short sword of holy wrath
 q - a +2 dagger of draining (weapon)
Missiles
 e - 3 poisoned darts
Scrolls
 c - a scroll of immolation {unknown}
 f - 2 scrolls of teleportation {unknown}
 g - a scroll of fear {unknown}
 i - a scroll of fog {unknown}
 j - 5 scrolls of identify {unknown}
 m - a scroll of enchant weapon {unknown}
 r - a scroll of silence {unknown}
Potions
 a - a potion of curing
 h - a potion of berserk rage {unknown}
 k - a potion of attraction {unknown}
 n - a potion of resistance {unknown}
 o - 2 potions of degeneration {unknown}
 p - 2 potions of brilliance {unknown}


   Skills:
 - Level 1.7 Dodging
 - Level 1.7 Stealth
 + Level 3.5 Spellcasting
 - Level 1.0 Conjurations
 * Level 6.3 Air Magic


You had 8 spell levels left.
You knew the following spells:

 Your Spells              Type           Power      Damage    Failure   Level
a - Shock                 Conj/Air       64%        1d7       3%          1
b - Swiftness             Air            25%        N/A       3%          3

Your spell library contained the following spells:

 Spells                   Type           Power      Damage    Failure   Level
 Static Discharge         Conj/Air       16%        N/A       5%          2
 Airstrike                Air            12%        N/A       12%         4


Dungeon Overview and Level Annotations

Branches:
Dungeon (4/15)
 Temple: D:4-7

Altars:

Annotations:
D:4 Ijyb


Innate Abilities, Weirdness & Mutations

Your plain brown scales are hard. (AC +6)
You cannot fit into any form of body armour.
You are cold-blooded and may be slowed by cold attacks.


Message History

You can't see any susceptible monsters within range! (Use Z to cast anyway.)
You start resting.
Magic restored.
Saving game... please wait.
Welcome back, pkoi the Draconian Air Elementalist.
Press ? for a list of commands and other information.
There is an open door here.
Found a stone staircase leading down.
You open the door.
There is an open door here.
There is an open door here.
There is a stone staircase leading down here.
Ijyb and a ball python come into view.
Ijyb is wielding a +0 dagger and carrying a wand of acid (11).
There are monsters nearby!
The zap hits Ijyb!
Ijyb is moderately wounded.
Ijyb shouts!
The zap hits Ijyb.
Ijyb is moderately wounded.
The ball python hisses angrily.
The zap hits Ijyb but does no damage.
Ijyb is moderately wounded.
Ijyb zaps a wand.
The bolt of acid hits you!!
Ouch! That really hurt!
* * * LOW HITPOINT WARNING * * *
The acid corrodes you!
Unknown command.
Ijyb zaps a wand.
The bolt of acid hits the ball python!!!
The acid corrodes the ball python!
The ball python dies!
The bolt of acid misses you.
Aiming: Shock (safe; 3% risk of failure)
Press: ? - help, Q - select action, (/) - cycle Shift-Dir - straight line, f/p - Ijyb
Aim: Ijyb, wielding a +0 dagger, wearing a +0 chain mail and carrying a wand of acid (9) (moderately wounded, 71% to hit)
The zap hits Ijyb but does no damage.
Ijyb is moderately wounded.
Ijyb zaps a wand.
The bolt of acid hits you!!
You die...

#.....### #.......###.....).
#.......# #.......########..
#.....#.# #.<...............
#.....#.# #........########.
#.....#.# #........########.
####....##########.#........
##.###......####.......##.
#......##.....####.....##.
#.......#@.##. #........
#.......#..# #....##..
######..#..# #....##..
#.......# ###'###.#
###.##.## #.###.# #..#g#
#.#.... .........# ..#.#.#
..g......# ####.#.#
.........# #...<


You could see Ijyb.

Vanquished Creatures
  Menkaure (D:4)
  A kobold brigand (D:4)
  A jelly (D:4)
  Terence (D:1)
  An iguana (D:4)
  2 adders
  A worm (D:3)
  4 ball pythons
  5 bats
  5 endoplasms
  A giant cockroach (D:3)
  6 goblins
  2 hobgoblins
  10 kobolds
  2 quokkas
  2 frilled lizards
  4 rats
49 creatures vanquished.

Vanquished Creatures (others)
  A ball python (D:4)
1 creature vanquished.

Grand Total: 50 creatures vanquished

Notes
Turn   | Place    | Note
-------+----------+-------------------------------------------
     0 | D:1      | pkoi the Draconian Air Elementalist began the quest for the
                  | Orb.
     0 | D:1      | Reached XP level 1. HP: 14/14 MP: 3/3
   457 | D:1      | Reached XP level 2. HP: 20/20 MP: 0/5
  1284 | D:1      | Reached skill level 4 in Air Magic
  1711 | D:2      | Found a faded altar of an unknown god.
  1758 | D:2      | Reached XP level 3. HP: 26/26 MP: 2/6
  1798 | D:2      | Learned a level 3 spell: Swiftness
  1959 | D:2      | Noticed Terence
  2034 | D:1      | Killed Terence
  2838 | D:3      | Reached XP level 4. HP: 33/33 MP: 5/7
  3876 | D:4      | Reached skill level 5 in Air Magic
  3928 | D:4      | Reached XP level 5. HP: 34/38 MP: 0/9
  4302 | D:4      | Noticed Menkaure
  4314 | D:4      | Killed Menkaure
  4315 | D:4      | Reached skill level 6 in Air Magic
  4557 | D:4      | Reached XP level 6. HP: 43/45 MP: 11/11
  4967 | D:4      | Noticed Ijyb
  4976 | D:4      | Killed from afar by Ijyb

Illustrated notes

Levels and vault maps discovered:
D:1:      minmay_arrival_four_houses, layout_loops_ring,
          minmay_misc_feat_columns, roderic_lattice_a, grunt_decor_clamped
D:2:      layout_basic, ebering_ecumenical_altar_webs, uniq_terence
D:3:      layout_basic, nrook_campfire
D:4:      layout_basic, uniq_ijyb, uniq_menkaure

Skill      XL: |  1  2  3  4  5 |
---------------+----------------+-----
Air Magic      | 4 5 6 |  6.3
Spellcasting   | 3 |  3.5
Dodging        | |  1.7
Stealth        | |  1.7
Conjurations   | |  1.0

Action                   |  1- 3 |  4- 6 || total
-------------------------+-------+-------++-------
Melee: Dagger            |    14 |    22 ||    36
       Unarmed           |     2 |       ||     2
       Tailslap          |     1 |     3 ||     4
       Short sword       |       |     3 ||     3
       Punch             |       |     1 ||     1
 Cast: Shock             |    62 |    52 ||   114
  Use: Potion            |       |     3 ||     3
Armor: Skin              |     6 |    17 ||    23
Dodge: Dodged            |    21 |     9 ||    30
